 Dungeon Crawl Stone Soup version 0.28-a0-474-g535839065c (webtiles) character file.

Game seed: 16370676063886567565

544 Sweetruy1997 the Chopper (level 7, -2/59 HPs)
             Began as a Hill Orc Monk on Sept 15, 2021.
             Slain by a gnoll (15 damage)
             ... on level 5 of the Dungeon.
             The game lasted 00:10:46 (7411 turns).

Sweetruy1997 the Chopper (Hill Orc Monk)            Turns: 7411, Time: 00:10:47

Health: -2/59      AC:  3    Str: 22    XL:     7   Next: 27%
Magic:  7/7        EV: 12    Int: 10    God:
Gold:   104        SH:  0    Dex: 13    Spells: 2/6 levels left

rFire   . . .      SeeInvis .   a - +0 hand axe
rCold   + . .      Faith    .   (no shield)
rNeg    . . .      Spirit   .   d - +0 leather armour
rPois   .          Reflect  .   (no helmet)
rElec   .          Harm     .   (no cloak)
rCorr   .          Rampage  .   (no gloves)
Will    .....                   (no boots)
Stlth   ++........              g - amulet of the acrobat
HPRegen 0.19/turn               i - ring of protection from cold
MPRegen 0.10/turn               j - +6 ring of strength

@: no status effects
A: no striking features
a: no special abilities


You were on level 5 of the Dungeon.
You visited 1 branch of the dungeon, and saw 5 of its levels.

You collected 104 gold pieces.

Inventory:

Hand Weapons
 a - a +0 hand axe (weapon)
Armour
 d - a +0 leather armour (worn)
Jewellery
 g - an amulet of the acrobat (around neck)
 i - a ring of protection from cold (left hand)
 j - a +6 ring of strength (right hand)
Wands
 o - a wand of acid (7)
Scrolls
 b - 8 scrolls of identify {unknown}
 c - 2 scrolls of teleportation
 e - 2 scrolls of fear {unknown}
 f - 2 scrolls of enchant armour {unknown}
 h - 2 scrolls of silence {unknown}
 k - a scroll of blinking {unknown}
 n - a scroll of magic mapping {unknown}
 p - a scroll of noise {unknown}
Potions
 l - a potion of lignification {unknown}
 m - a potion of brilliance {unknown}


   Skills:
 + Level 4.3 Fighting
 + Level 7.2 Axes
 + Level 2.7 Throwing
 + Level 2.1 Armour
 + Level 3.6 Dodging
 + Level 2.0 Stealth
 + Level 0.2 Spellcasting
 + Level 0.1 Evocations


You had 2 spell levels left.
You knew the following spells:

 Your Spells              Type           Power      Damage    Failure   Level
a - Airstrike             Air            0%         N/A       99%         4

Your spell library contained the following spells:

 Spells                   Type           Power      Damage    Failure   Level
 Summon Lightning Spire   Summ/Air       0%         N/A       99%         4
 Lightning Bolt           Conj/Air       0%         1d11      100%        5
 Chain Lightning          Conj/Air       0%         N/A       100%        9
 Fire Storm               Conj/Fire      0%         5d1       100%        9
 Shatter                  Erth           0%         3d5*      100%        9


Dungeon Overview and Level Annotations

Branches:
Dungeon (5/15)
 Temple: D:4-7

Altars:
Cheibriados
Dithmenos
Ru
The Shining One

Annotations:
D:5 1 runed translucent door


Message History

t - Shout!
Orders for allies: a - Attack new target. r - Retreat! s - Stop attacking. g - Guard the area. f - Follow me.
Anything else - Cancel.
You shout for attention!
You hear a shout! x3
The gnoll shouts!
A gnoll comes into view. It is wielding a +0 halberd.
You hit the gnoll.
The gnoll is moderately wounded.
The gnoll hits you with a +3 flail!
You hit the gnoll but do no damage.
The gnoll is moderately wounded.
The gnoll barely misses you.
You barely miss the gnoll.
The gnoll is moderately wounded.
The gnoll hits you with a +3 flail! The gnoll completely misses you. x3
You slash the gnoll!
The gnoll is severely wounded.
The gnoll hits you with a +0 whip. The gnoll barely misses you.
You barely miss the gnoll.
The gnoll is severely wounded.
The gnoll hits you with a +0 whip. The gnoll hits you but does no damage.
You closely miss the gnoll.
The gnoll is severely wounded.
The gnoll hits you with a +0 whip. The gnoll closely misses you.
You slash the gnoll!
You kill the gnoll!
The gnoll hits you from afar with a +0 spear.
You barely miss the gnoll.
The gnoll is lightly wounded.
You slash the gnoll!
The gnoll is severely wounded.
The gnoll hits you with a +3 flail!
* * * LOW HITPOINT WARNING * * *
The gnoll hits you from afar with a +0 spear.
* * * LOW HITPOINT WARNING * * *
The gnoll hits you from afar with a +0 halberd!
You die...

.#...##..#≈._.≈#.#........###...#
......#..#≈...≈#.#.......## ###.#
.........#.≈≈≈.#.##.....## ###
.........#.....#.###...##
#.........#...#.####..##
##.........#.#..###..##
###..#..(...#...##..##
..............g##†..#
..............gg@...#
........##....###...#
.......#####.## ##..# .......#
### #..# #####.## ##.# ### ###


You could see 3 gnolls.

Vanquished Creatures
  An ogre (D:5)
  A scorpion (D:4)
  A howler monkey (D:5)
  A bullfrog zombie (D:5)
  An iron imp (D:5)
  4 iguanas
  Robin (D:3)
  A gnoll (D:5)
  8 adders
  An ufetubus (D:4)
  2 adder skeletons (D:4)
  3 worms
  A dart slug (D:5)
  4 orcs
  3 endoplasms
  A giant cockroach (D:4)
  18 goblins
  8 hobgoblins
  6 quokkas
  7 ball pythons
  6 bats
  4 frilled lizards
  A goblin skeleton (D:5)
  4 hobgoblin zombies (D:5)
  6 kobolds
  An orc skeleton (D:5)
  3 orc zombies (D:5)
  6 rats
104 creatures vanquished.

Notes
Turn   | Place    | Note
-------+----------+-------------------------------------------
     0 | D:1      | Sweetruy1997 the Hill Orc Monk began the quest for the Orb.
     0 | D:1      | Reached XP level 1. HP: 19/19 MP: 1/1
   352 | D:1      | Reached XP level 2. HP: 23/27 MP: 2/2
   437 | D:1      | Found a faded altar of an unknown god.
  1167 | D:1      | Reached skill level 1 in Armour
  1167 | D:1      | Reached XP level 3. HP: 33/33 MP: 3/3
  2005 | D:2      | Reached skill level 5 in Axes
  2179 | D:2      | Reached XP level 4. HP: 36/40 MP: 4/4
  4123 | D:3      | Noticed Robin
  4153 | D:3      | Reached XP level 5. HP: 20/46 MP: 5/5
  4180 | D:3      | Killed Robin
  4473 | D:4      | Reached skill level 6 in Axes
  4473 | D:4      | Reached skill level 1 in Throwing
  5506 | D:4      | Reached XP level 6. HP: 35/52 MP: 6/6
  5794 | D:4      | Found a shadowy altar of Dithmenos.
  6226 | D:5      | Entered Level 5 of the Dungeon
  6243 | D:4      | Reached skill level 7 in Axes
  6393 | D:5      | Found a runed translucent door.
  6426 | D:5      | Found a snail-covered altar of Cheibriados.
  6432 | D:5      | Found a glowing golden altar of the Shining One.
  6494 | D:5      | Reached XP level 7. HP: 59/59 MP: 7/7
  6614 | D:5      | Found a sacrificial altar of Ru.
  6760 | D:5      | Learned a level 4 spell: Airstrike
  7411 | D:5      | Slain by a gnoll

Illustrated notes

Levels and vault maps discovered:
D:1:      dpeg_arrival_three_bigger_balls, layout_loops_corners,
          ebering_ecumenical_altar_sacrificial, grunt_decor_resistance
D:2:      layout_loops_ring, corexii_hall_statues_t, minmay_pentomino_p4
D:3:      layout_basic, uniq_robin
D:4:      layout_basic, mainiacjoe_overflow_boulevard
D:5:      layout_cave_pods, nicolae_ru_awakened_eye,
          mainiacjoe_overflow_small_starburst, nicolae_tso_besieged_by_evil,
          st_stairs_6, hangedman_abyss_or_decor_jellyfish_corner,
          grunt_decor_arrowhead, eino_small_chamber_without_monster,
          lightli_church_of_beogh

Skill      XL: |  1  2  3  4  5  6  7 |
---------------+----------------------+-----
Fighting       | 4 |  4.3
Armour         | 1 2 |  2.1
Axes           | 5 6 7 |  7.2
Dodging        | 3 |  3.6
Throwing       | 1 2 |  2.7
Stealth        | 2 |  2.0
Spellcasting   | |  0.2
Evocations     | |  0.1

Action                   |  1- 3 |  4- 6 |  7- 9 || total
-------------------------+-------+-------+-------++-------
Melee: Hand axe          |   149 |   185 |    45 ||   379
Throw: Boomerang         |       |    56 |     2 ||    58
Evoke: Wand              |       |     3 |       ||     3
  Use: Scroll            |     1 |       |       ||     1
       Potion            |       |     2 |       ||     2
 Stab: Sleeping          |       |     3 |     1 ||     4
Armor: Leather armour    |    34 |    27 |     3 ||    64
Dodge: Dodged            |   108 |   118 |    22 ||   248

Table legend: (Time is in decaauts)
 A = Elapsed time spent in this place.
 B = Non-inter-level travel time spent in this place.
 C = Inter-level travel time spent in this place.
 D = Time resting spent in this place.
 E = Time spent auto-exploring this place.
 F = Levels seen in this place.
 G = Mean time per level.
                   A        B        C        D        E       F      G
               +--------+--------+--------+--------+--------+-----+--------+
         Total |   7433 |   7287 |    146 |   1780 |   4643 |   5 | 1486.6 |
       Dungeon |   7433 |   7287 |    146 |   1780 |   4643 |   5 | 1486.6 |
               +--------+--------+--------+--------+--------+-----+--------+

Top non-repeatable levels by time:
     D:4: 1917 daAuts
     D:3: 1706 daAuts
     D:1: 1490 daAuts
     D:2: 1259 daAuts
     D:5: 1058 daAuts
